 Dungeon Crawl Stone Soup version 0.28-a0-779-g3d1f99b579 (webtiles) character file.

Game seed: 12835968261061636755

7 gimp the Skirmisher (level 1, -2/18 HPs)
             Began as a Demonspawn Cinder Acolyte on Nov 3, 2021.
             Was a High Priest of Ignis.
             Slain by a quokka (5 damage)
             ... on level 1 of the Dungeon.
             The game lasted 00:01:05 (648 turns).

gimp the Skirmisher (Demonspawn Cinder Acolyte)      Turns: 648, Time: 00:01:06

Health: -2/18      AC:  2    Str: 14    XL:     1   Next: 91%
Magic:  2/2        EV: 11    Int: 21    God:    Ignis [*****.]
Gold:   46         SH:  0    Dex:  8    Spells: 2/2 levels left

rFire   + . .      SeeInvis .   a - -1 falchion (flame)
rCold   . . .      Faith    .   (no shield)
rNeg    . . .      Spirit   .   b - +0 robe
rPois   .          Reflect  .   (no helmet)
rElec   .          Harm     .   (no cloak)
rCorr   .          Rampage  .   (no gloves)
Will    .....                   (no boots)
Stlth   +.........              (no amulet)
HPRegen 0.06/turn               i - +6 ring of intelligence
MPRegen 0.08/turn               (no ring)

@: no status effects
A: no striking features
a: Renounce Religion, Sea of Fire, Foxfire Swarm, Rising Flame


You were on level 1 of the Dungeon.
You worshipped Ignis.
Ignis was extremely pleased with you.
You visited 1 branch of the dungeon, and saw 2 of its levels.

You collected 46 gold pieces.

Inventory:

Hand Weapons
 a - a -1 falchion of flaming (weapon)
Armour
 b - a +0 robe (worn)
Jewellery
 i - a +6 ring of intelligence (left hand)
Scrolls
 e - a scroll of acquirement {unknown}
 f - a scroll of blinking {unknown}
 g - a scroll of fog {unknown}
 h - a scroll of identify {unknown}
Potions
 c - a potion of curing {unknown}
 d - 2 potions of haste {unknown}
 j - a potion of ambrosia {unknown}


   Skills:
 + Level 3.1 Fighting
 * Level 3.0 Long Blades
 - Level 1.0 Spellcasting
 - Level 2.6 Fire Magic


You had 2 spell levels left.
You didn't know any spells.
Your spell library contained the following spells:

 Spells                   Type           Power      Damage    Failure   Level
 Scorch                   Fire           24%        2d6       9%          2


Dungeon Overview and Level Annotations

Branches:
Dungeon (2/15)

Altars:


Message History

a +0 club; a kobold corpse; Health restored: 18
Found a stone staircase leading down.
There is a stone staircase leading down here.
As you open the door, it creaks loudly!
Found a hunting sling.
There is an open door here.
You open the door.
There is an open door here.
You now have 29 gold pieces (gained 11).
You now have 46 gold pieces (gained 17).
Found 20 stones.
You see here 20 stones.
As you open the door, it creaks loudly!
A quokka comes into view.
You hear a shout!
A quokka is nearby!
A goblin comes into view. It is wielding a +0 dagger.
There is an open door here.
You hit the quokka. You burn the quokka.
You kill the quokka!
Your Long Blades skill increases to level 3!
A quokka comes into view.
You barely miss the goblin. The goblin hits you with a +0 dagger.
You take 2 damage, and have 16/18 hp.
You slash the goblin! You burn the goblin.
You kill the goblin!
You closely miss the quokka. The quokka bites you. x2
You take 2 damage, and have 14/18 hp.
You hit the quokka but do no damage.
The quokka bites you but does no damage.
You hit the quokka but do no damage. The quokka bites you. x2
You take 6 damage, and have 8/18 hp.
MASSIVE DAMAGE!!
You are too injured to fight recklessly!
You are too injured to fight recklessly!
You hit the quokka but do no damage. The quokka bites you.
* * * LOW HITPOINT WARNING * * *
You take 5 damage, and have 3/18 hp.
MASSIVE DAMAGE!!
You miss the quokka. The quokka closely misses you.
You hit the quokka but do no damage. The quokka bites you.
You die...

#......# #. #.#
#......# .....
#.....##
#.....# #(....#
#.#####
#####'######.##
#..............
#......@####.#
#.......r.#
#......##.#
......... ...
##.####### #.#
#. ... #.# .#


You could see a quokka.

Vanquished Creatures
  An endoplasm (D:1)
  A goblin (D:1)
  A kobold (D:1)
  A quokka (D:1)
  A ball python (D:2)
  2 rats (D:1)
7 creatures vanquished.

Notes
Turn   | Place    | Note
-------+----------+-------------------------------------------
     0 | D:1      | gimp the Demonspawn Cinder Acolyte began the quest for the
                  | Orb.
     0 | D:1      | Reached XP level 1. HP: 18/18 MP: 2/2
    80 | D:1      | You fall into a shaft and drop 1 floor!
   648 | D:1      | Slain by a quokka

Illustrated notes

Levels and vault maps discovered:
D:1:      dpeg_arrival_tiny_a, layout_basic, shapermc_ecumenical_altar_rom_forum
D:2:      layout_basic

Skill      XL: |  1 |
---------------+----+-----
Long Blades    | 3 |  3.0
Fighting       | |  3.1
Spellcasting   | |  1.0
Fire Magic     | |  2.6

Action                   || total
-------------------------++-------
Melee: Falchion          ||    29
Armor: Robe              ||     4
Dodge: Dodged            ||    19

Table legend: (Time is in decaauts)
 A = Elapsed time spent in this place.
 B = Non-inter-level travel time spent in this place.
 C = Inter-level travel time spent in this place.
 D = Time resting spent in this place.
 E = Time spent auto-exploring this place.
 F = Levels seen in this place.
 G = Mean time per level.
                   A        B        C        D        E       F      G
               +--------+--------+--------+--------+--------+-----+--------+
         Total |    652 |    639 |     13 |      0 |    567 |   2 |  326.0 |
       Dungeon |    652 |    639 |     13 |      0 |    567 |   2 |  326.0 |
               +--------+--------+--------+--------+--------+-----+--------+

Top non-repeatable levels by time:
     D:1: 414 daAuts
     D:2: 237 daAuts
